 Dungeon Crawl Stone Soup version 0.31.0-10-gcf4a605ca0 (webtiles) character file.

Game seed: 4469828501305954752

320 Maffolandro the Trooper (level 6, 0/48 HPs)
             Began as a Human Wanderer on Jan 25, 2024.
             Was a Follower of Elyvilon.
             Slain by an orc
             ... wielding a +0 trident
              (8 damage)
             ... on level 3 of the Dungeon.
             The game lasted 00:14:19 (3561 turns).

Maffolandro the Trooper (Human Wanderer)            Turns: 3561, Time: 00:14:20

Health: 0/48       AC:  4    Str: 11    XL:     6   Next: 46%
Magic:  9/9        EV: 10    Int: 11    God:    Elyvilon [*.....]
Gold:   197        SH:  5    Dex: 17    Spells: 8/9 levels left

rFire   . . .        b - +0 falchion
rCold   . . .        j - +0 buckler
rNeg    . . .        q - +2 robe
rPois   .            (no helmet)
rElec   .            (no cloak)
rCorr   .            (no gloves)
SInv    .            (no boots)
Will    .....        g - amulet of regeneration
Stlth   ++           (no ring)
HPRegen 1.08/turn    (no ring)
MPRegen 0.11/turn

%: no passive effects
@: no status effects
A: explore regen
a: Renounce Religion, Purification


You were on level 3 of the Dungeon.
You worshipped Elyvilon.
Elyvilon was aware of your devotion.
You visited 1 branch of the dungeon, and saw 4 of its levels.

You collected 197 gold pieces.

Inventory:

Hand Weapons
 a - a +1 dagger of flaming
 b - a +0 falchion (weapon)
 r - a +0 short sword
 u - a +0 flail
 v - a +0 sling
Missiles
 e - 10 boomerangs
Armour
 d - a +0 robe
 j - a +0 buckler (worn)
 q - a +2 robe (worn)
 t - a +0 scale mail
Jewellery
 g - an amulet of regeneration (around neck)
 w - an amulet of reflection
Wands
 l - a wand of digging (3)
Scrolls
 h - a scroll of immolation {unknown}
 i - 4 scrolls of identify {unknown}
 k - 2 scrolls of summoning {unknown}
 m - 4 scrolls of enchant armour {unknown}
 p - 2 scrolls of blinking {unknown}
 s - 4 scrolls of revelation {unknown}
Potions
 c - a potion of curing
 f - a potion of lignification {unknown}
 n - a potion of attraction {unknown}
 o - a potion of cancellation {unknown}


   Skills:
 - Level 4.2 Fighting
 - Level 2.0(3.0) Short Blades
 * Level 3.5(3.8) Long Blades
 - Level 3.0 Stealth
 - Level 3.0 Shields
 - Level 2.0 Spellcasting


You had 8 spell levels left.
You knew the following spells:

 Your Spells              Type           Power      Damage    Failure   Level
a - Sandblast             Erth           2%         2d4       38%         1

Your spell library contained the following spells:

 Spells                   Type           Power      Damage    Failure   Level
 Hailstorm                Conj/Ice       1%         3d5       77%         3
 Inner Flame              Hex/Fire       1%         N/A       77%         3
 Summon Ice Beast         Ice/Summ       1%         N/A       77%         3


Dungeon Overview and Level Annotations

Branches:
Dungeon (4/15)
 Temple: D:4-7

Altars:
Ashenzari
Dithmenos
Elyvilon
Fedhas

Annotations:
D:2 1 runed translucent door, exclusion: door, Crazy Yiuf
D:3 Grinder, Natasha
D:4 Sigmund


Innate Abilities, Weirdness & Mutations

You regain HP and MP as you explore.


Message History

You are covered in liquid fire!
You shake off some of the fire as you move.
You climb upwards.
Level annotation: Grinder Reactivating autopickup.
The liquid fire burns you!
There is a stone staircase leading down here.
Unknown command.
Unknown command.
Unknown command.
Unknown command.
Unknown command.
You shake off the liquid fire.
Natasha claws you.
The orc hits you from afar with a +0 trident.
Unknown command.
You slash Natasha!
Natasha is heavily wounded.
You block Natasha's attack.
The orc hits you from afar with a +0 trident.
Natasha casts a spell at you. The magic dart hits you!
* * * LOW HITPOINT WARNING * * *
You hit Natasha but do no damage.
Natasha is heavily wounded.
The orc barely misses you.
Natasha howls an incantation.
Natasha shimmers violently.
You block Natasha's attack.
Unknown command.
You hit Natasha.
Natasha is almost dead.
The orc hits you from afar with a +0 trident.
* * * LOW HITPOINT WARNING * * *
Natasha casts a spell at you. You resist with some effort.
Unknown command.
You closely miss Natasha.
Natasha is almost dead.
The orc hits you from afar with a +0 trident!
You die...

....................#.##.#..#.#
......................##....#<#
......................#########
....##...##...........#..5....#
....##...##...........##.####.#
.........##.........#.##.#....#
.........'..........#....#.######
.....#...##........#######.#.....
.....#..)##...oh@....##....#.####
.........)....÷>.....##.####.#...
................†.#'###'#.##.#.##
..................#...5.#.##.#5..
.....>........#...#.###.#.##.#..#
..............#...#.....#....#..#
.......)..........'.._..'.##....#
..................#.....####.##.#
.##....)..........#.###.# #.##.#


You could see Natasha and an orc.

Vanquished Creatures
  An ice beast (D:3)
  Jessica (D:2)
  An orc wizard (D:3)
  4 gnolls (D:2)
  3 adders
  2 dart slugs (D:1)
  5 orcs (D:3)
  8 ball pythons
  4 endoplasms
  2 giant cockroaches
  A hobgoblin (D:2)
  14 jackals
  3 quokkas
  5 bats
  4 frilled lizards
  9 goblins
  4 kobolds (D:1)
  7 rats
78 creatures vanquished.

Vanquished Creatures (others)
  A bombardier beetle (D:4)
  An orc (D:4)
2 creatures vanquished.

Grand Total: 80 creatures vanquished

Notes
Turn   | Place    | Note
-------+----------+-------------------------------------------
     0 | D:1      | Maffolandro the Human Wanderer began the quest for the Orb.
     0 | D:1      | Maffolandro set off with the following items: a +0 short
                  | sword, a +0 buckler, a potion of curing, a +0 robe; and the
                  | following spell memorised: Sandblast; and the following
                  | spells available to memorise: Hailstorm, Inner Flame,
                  | Summon Ice Beast.
     0 | D:1      | Reached XP level 1. HP: 15/15 MP: 3/3
   143 | D:1      | Reached skill level 2 in Fighting
   143 | D:1      | Reached XP level 2. HP: 9/22 MP: 3/5
   637 | D:1      | Reached XP level 3. HP: 28/28 MP: 3/6
   797 | D:1      | Reached skill level 3 in Fighting
  1357 | D:2      | Reached XP level 4. HP: 37/37 MP: 7/7
  1380 | D:2      | Noticed Jessica
  1383 | D:2      | Killed Jessica
  1384 | D:2      | Reached skill level 4 in Fighting
  1534 | D:2      | Found a runed translucent door.
  1535 | D:2      | Noticed Crazy Yiuf
  1896 | D:3      | Found a white marble altar of Elyvilon.
  1950 | D:3      | Became a worshipper of Elyvilon the Healer
  1953 | D:3      | Noticed an ice beast
  2020 | D:3      | Noticed Grinder
  2060 | D:3      | Paralysed by Grinder for 2 turns
  2082 | D:3      | Paralysed by Grinder for 2 turns
  2099 | D:3      | Paralysed by Grinder for 5 turns
  2372 | D:3      | Found a shadowy altar of Dithmenos.
  2430 | D:3      | Reached XP level 5. HP: 42/42 MP: 8/8
  2446 | D:3      | Reached * piety under Elyvilon
  2464 | D:3      | Found a broken altar of Ashenzari.
  2499 | D:3      | Found a blossoming altar of Fedhas.
  2984 | D:4      | Reached skill level 1 in Long Blades
  3042 | D:4      | Noticed Sigmund
  3145 | D:3      | Killed an ice beast
  3146 | D:3      | Reached XP level 6. HP: 6/48 MP: 9/9
  3202 | D:4      | Noticed Natasha
  3221 | D:3      | Paralysed by Grinder for 2 turns
  3267 | D:3      | Paralysed by Grinder for 4 turns
  3561 | D:3      | Slain by an orc

Illustrated notes

Levels and vault maps discovered:
D:1:      scummos_arrival_hexagon, layout_rooms, minmay_tall_x
D:2:      layout_rooms, uniq_crazy_yiuf_cottage, uniq_jessica
D:3:      layout_basic, mainiacjoe_overflow_paths,
          ashenzari_conservatory_becter, mainiacjoe_overflow_six_doors_small,
          nicolae_overflow_hidden_temple, uniq_grinder
D:4:      layout_cave_pools, nicolae_tricolors, uniq_natasha, uniq_sigmund

Skill      XL: |  1  2  3  4  5 |
---------------+----------------+-----
Fighting       | 2 3 4 |  4.2
Stealth        | 2 3 |  3.0
Long Blades    | 3 |  3.5
Short Blades   | |  2.0
Shields        | |  3.0
Spellcasting   | |  2.0

Action                     |  1- 3 |  4- 6 || total
---------------------------+-------+-------++-------
  Melee: Short sword       |   143 |    45 ||   188
         Dagger            |       |   102 ||   102
         Falchion          |       |    40 ||    40
   Fire: Sling             |       |     2 ||     2
   Cast: Sandblast         |    28 |    23 ||    51
   Stab: Sleeping          |       |     4 ||     4
 Armour: Robe              |    84 |   136 ||   220
  Dodge: Dodged            |    71 |    98 ||   169
  Block: Buckler           |    32 |    43 ||    75
         Reflection        |       |     1 ||     1
